 Dungeon Crawl Stone Soup version 0.31.0-32-g396128a36d (webtiles) character file.

Game seed: 7257359839263459901

221 tizbic2 the Shooter (level 5, -2/45 HPs)
             Began as a Demigod Hunter on Mar 27, 2024.
             Slain by an orc
             ... wielding a +0 morningstar
              (5 damage)
             ... on level 4 of the Dungeon.
             The game lasted 00:07:37 (2365 turns).

tizbic2 the Shooter (Demigod Hunter)                Turns: 2365, Time: 00:07:38

Health: -2/45      AC: 12    Str: 16    XL:     5   Next: 37%
Magic:  7/7        EV:  5    Int: 11    God:
Gold:   97         SH:  0    Dex: 17    Spells: 4/4 levels left

rFire   . . .        a - +0 shortbow
rCold   . . .        (shield currently unavailable)
rNeg    . . .        f - +0 plate armour
rPois   .            (no helmet)
rElec   .            l - +1 cloak
rCorr   .            (no gloves)
SInv    +            (no boots)
Will    .....        (no amulet) Stlth
                     e - ring of see invisible
HPRegen 0.27/turn    (no ring)
MPRegen 0.10/turn

%: no passive effects
@: no status effects
A: high MP 1, forlorn, divine attributes
a: no special abilities


You were on level 4 of the Dungeon.
You visited 1 branch of the dungeon, and saw 4 of its levels.

You collected 97 gold pieces.

Inventory:

Hand Weapons
 a - a +0 shortbow (weapon)
Missiles
 m - 5 poisoned darts
Armour
 c - a +0 leather armour
 f - a +0 plate armour (worn)
 g - a +0 ring mail
 l - a +1 cloak (worn)
Jewellery
 e - a ring of see invisible (left hand)
Scrolls
 b - a scroll of butterflies
 h - 3 scrolls of blinking
 i - a scroll of identify
 j - a scroll of immolation {unknown}
 n - a scroll of silence {unknown}
 o - a scroll of teleportation {unknown}
 q - a scroll of fog {unknown}
 t - a scroll of enchant weapon {unknown}
Potions
 d - a potion of mutation
 p - a potion of brilliance
 r - 2 potions of enlightenment {unknown}
 s - a potion of ambrosia {unknown}


   Skills:
 + Level 3.4 Fighting
 * Level 5.6 Ranged Weapons
 - Level 1.7 Dodging
 - Level 0.8 Stealth


You had 4 spell levels left.
You didn't know any spells.
Your spell library was empty.

Dungeon Overview and Level Annotations

Branches:
Dungeon (4/15)
 Temple: D:4-7


Innate Abilities, Weirdness & Mutations

You have an increased reservoir of magic. (+10% MP)
You shall have no god before yourself.
Your divine heritage dramatically boosts your attributes as you level up.


Message History

The orc wizard is heavily wounded.
The orc wizard barely misses you.
The orc wizard hits you but does no damage.
You shoot an arrow. The arrow hits the orc wizard.
You kill the orc wizard!
The orc wizard gestures at you while chanting.
The puff of flame hits you!
* * * LOW HITPOINT WARNING * * *
You shoot an arrow. The arrow hits the orc wizard.
The orc wizard is almost dead.
The orc wizard hits you but does no damage.
The orc hits you with a +0 morningstar.
* * * LOW HITPOINT WARNING * * *
The orc hits you but does no damage.
The orc wizard hits you with a +0 dagger.
* * * LOW HITPOINT WARNING * * *
You shoot an arrow. The arrow barely misses the orc wizard.
The orc wizard hits you but does no damage.
The orc hits you but does no damage. x2
The orc wizard hits you but does no damage.
You shoot an arrow.
The arrow closely misses the orc wizard.
The orc wizard barely misses you. The orc hits you but does no damage.
The orc wizard hits you but does no damage.
The orc hits you but does no damage.
You shoot an arrow. The arrow hits the orc wizard.
You kill the orc wizard!
The orc hits you with a +0 morningstar.
* * * LOW HITPOINT WARNING * * *
The orc hits you but does no damage.
You shoot an arrow. The arrow closely misses the orc.
The orc hits you but does no damage. The orc hits you with a +0 morningstar!
* * * LOW HITPOINT WARNING * * *
You shoot an arrow. The arrow hits the orc.
The orc is heavily wounded.
You shoot an arrow. The arrow barely misses the orc.
The orc hits you with a +0 morningstar.
* * * LOW HITPOINT WARNING * * *
The orc barely misses you. The orc hits you with a +0 morningstar.
You die...

.# .# .# .# .# .#
########o#
##########......@o#
.......<...########
############


You could see 2 orcs.

Vanquished Creatures
  A scorpion (D:4)
  3 orc wizards
  3 adders
  A ribbon worm (D:2)
  2 orcs (D:3)
  5 endoplasms
  3 giant cockroaches
  5 hobgoblins
  3 jackals (D:1)
  A quokka (D:1)
  7 ball pythons
  7 bats
  2 frilled lizards
  6 goblins
  5 kobolds
  7 rats
61 creatures vanquished.

Notes
Turn   | Place    | Note
-------+----------+-------------------------------------------
     0 | D:1      | tizbic2 the Demigod Hunter began the quest for the Orb.
     0 | D:1      | Reached XP level 1. HP: 17/17 MP: 3/3
   140 | D:1      | Reached skill level 4 in Ranged Weapons
   140 | D:1      | Reached XP level 2. HP: 21/24 MP: 4/4
   655 | D:1      | Reached XP level 3. HP: 30/30 MP: 5/5
  1929 | D:3      | Reached XP level 4. HP: 37/37 MP: 6/6
  2134 | D:3      | Reached skill level 5 in Ranged Weapons
  2240 | D:4      | Reached XP level 5. HP: 16/45 MP: 7/7
  2365 | D:4      | Slain by an orc

Illustrated notes

Levels and vault maps discovered:
D:1:      dpeg_arrival_oval, layout_loops_ring,
          chequers_ecumenical_altar_simple_redux
D:2:      layout_basic
D:3:      layout_rooms
D:4:      layout_loops_ring, minmay_temple_entry_stoned_glass, uniq_menkaure

Skill      XL: |  1  2  3  4 |
---------------+-------------+-----
Fighting       | 2 3 |  3.4
Ranged Weapons | 4 5 |  5.6
Dodging        | |  1.7
Stealth        | |  0.8

Action                     |  1- 3 |  4- 6 || total
---------------------------+-------+-------++-------
   Fire: Shortbow          |   129 |    58 ||   187
    Use: Scroll            |     5 |       ||     5
         Potion            |       |     3 ||     3
 Armour: Ring mail         |    20 |       ||    20
         Plate armour      |    75 |   114 ||   189
         Leather armour    |     1 |       ||     1
  Dodge: Dodged            |    34 |    25 ||    59
